 Dungeon Crawl Stone Soup version 0.31-a0-1278-g11c5b68f87 (webtiles) character file.

Game seed: 17236840666103467394

6842 Destinykillz the Blocker (level 10, -6/101 (102) HPs)
             Began as a Troll Fighter on Dec 18, 2023.
             Was a Believer of the Shining One.
             Mangled by a skeletal warrior
             ... wielding a +1 scimitar
              (18 damage)
             ... on level 10 of the Dungeon.
             The game lasted 00:20:32 (8346 turns).

Destinykillz the Blocker (Troll Fighter)            Turns: 8346, Time: 00:20:32

HP:   -6/101 (102)  AC:  7    Str: 30    XL:     10   Next: 78%
MP:   9/9           EV: 10    Int:  4    God:    the Shining One [**....]
Gold: 277           SH: 11    Dex:  9    Spells: 9/9 levels left

rFire   . .          .
                       - Unarmed
rCold   . . .        b - +1 kite shield
rNeg    + . .        p - +0 troll leather armour
rPois   .            (helmet restricted)
rElec   .            h - +1 cloak
rCorr   .            (gloves unavailable)
SInv    .            (boots unavailable)
Will    .....        s - amulet of regeneration
Stlth   +            (no ring)
HPRegen 2.76/turn    (no ring)
MPRegen 0.11/turn

%: no passive effects
@: about to teleport, glowing, lightly drained
A: large, unfitting armour, claws 3, regeneration 1, shaggy fur 1, tough skin 1
a: Renounce Religion, Divine Shield


You were on level 10 of the Dungeon.
You worshipped the Shining One.
The Shining One was pleased with you.
You visited 1 branch of the dungeon, and saw 10 of its levels.

You collected 549 gold pieces.
You spent 272 gold pieces at shops.

Inventory:

Hand Weapons
 m - a +0 giant spiked club
 v - the +4 whip "Giudeme" {protect, rN+ Str+3}
   (You found it on level 5 of the Dungeon)

   Str+3:     It affects your strength (+3).
   rN+:       It protects you from negative energy.
 y - the +10 hand axe of the People {heavy, ^Fragile rPois Int+7 SInv}
   (You found it on level 7 of the Dungeon)

   Int+7:     It affects your intelligence (+7).
   rPois:     It protects you from poison SInv: It lets you see invisible.
   ^Fragile:  It will be destroyed if unequipped.
Armour
 a - a +0 robe
 b - a +1 kite shield (worn)
 d - a +0 cloak
 f - a +1 robe of positive energy
 h - a +1 cloak (worn)
 p - a +0 troll leather armour (worn)
Jewellery
 r - a ring of flight
 s - an amulet of regeneration (around neck)
 E - a ring of fire
Wands
 D - a wand of iceblast (4)
 G - a wand of charming (2)
Scrolls
 e - 2 scrolls of teleportation
 j - 2 scrolls of immolation
 k - a scroll of brand weapon
 l - 2 scrolls of revelation
 q - 3 scrolls of identify
 A - 2 scrolls of amnesia {unknown}
 C - a scroll of enchant weapon
 F - a scroll of fog {unknown}
Potions
 c - 2 potions of might
 g - 6 potions of curing
 i - 2 potions of enlightenment {unknown}
 n - 2 potions of heal wounds {unknown}
 o - a potion of mutation {unknown}
 t - a potion of attraction {unknown}
 u - a potion of resistance {unknown}
 w - 2 potions of brilliance {unknown}
 x - a potion of magic {unknown}
 z - a potion of ambrosia {unknown}
 B - a potion of lignification {unknown}


   Skills:
 + Level 7.1 Fighting
 - Level 6.0 Dodging
 - Level 10.0 Shields
 + Level 8.2 Unarmed Combat


You had 9 spell levels left.
You didn't know any spells.
Your spell library contained the following spells:

 Spells                   Type           Power      Damage    Failure   Level
 Kiss of Death            Conj/Necr      0%         2d5       71%         1
 Blink                    Tloc           0%         N/A       83%         2
 Poisonous Vapours        Pois/Air       0%         N/A       83%         2
 Confusing Touch          Hex            0%         N/A       97%         3
 Inner Flame              Hex/Fire       0%         N/A       97%         3
 Mephitic Cloud           Conj/Pois/Air  0%         N/A       97%         3
 Tukima's Dance           Hex            0%         N/A       97%         3
 Dispel Undead            Necr           0%         3d6       100%        4
 Flame Wave               Conj/Fire      0%         2d4       100%        4
 Manifold Assault         Tloc           0%         N/A       100%        4
 Passage of Golubria      Tloc           0%         N/A       100%        4
 Sticky Flame             Conj/Fire      0%         2d3       100%        4
 Summon Ice Beast         Ice/Summ       0%         N/A       100%        4
 Freezing Cloud           Conj/Ice/Air   0%         6-21      100%        5
 Summon Mana Viper        Hex/Summ       0%         N/A       100%        5
 Yara's Violent Unravell  Hex/Tmut       0%         3d3       100%        5
 Monstrous Menagerie      Summ           0%         N/A       100%        7


Dungeon Overview and Level Annotations

Branches:
Dungeon (10/15)            Temple (0/1) D:5            Lair (0/5) D:8
    Orc: D:9-12

Altars:
Elyvilon
Gozag
Hepliaklqana
Kikubaaqudgha
Sif Muna
Zin
The Shining One

Shops:
D:1 ?   D:7 (

Annotations:
D:3 3 runed translucent doors, Zog's ghost, amateur DrFE


Innate Abilities, Weirdness & Mutations

You are too large for most types of armour.
You have claws for hands.
Your natural rate of healing is unusually fast.
You are covered in fur. (AC +1)
You have tough skin. (AC +1)


Message History

The skeletal warrior hits you with a +1 scimitar!
The vampire mosquito moves out of view.
The howler monkey hoots and howls with incredible vigour!
The wight hits you with a +0 battleaxe!
The skeletal warrior hits you with a +1 scimitar!
You hear a howl!
You hear a shout! x4
The wight hits you with a +0 battleaxe!
The skeletal warrior completely misses you.
You turn to flesh and can move again.
You mangle the wight!!
You destroy the wight!
The Shining One accepts your kill.
You feel better.
The skeletal warrior hits you with a +1 scimitar!
The skeletal warrior hits you with a +1 scimitar!
Things that are here:
a +0 battleaxe; a +0 robe You fail to use your ability.
The howler monkey hoots and howls with incredible vigour!
The skeletal warrior hits you with a +1 scimitar!!
* * * LOW HITPOINT WARNING * * *
You hear a bellow!
You fail to use your ability.
The skeletal warrior hits you with a +1 scimitar!!
* * * LOW HITPOINT WARNING * * *
The skeletal warrior attacks as it pursues you!
You block the skeletal warrior's attack.
A meliai comes into view. It is wielding a +1 heavy war axe.
The meliai buzzes angrily.
The meliai calls down the wrath of its god upon you.
Something smites you!
* * * LOW HITPOINT WARNING * * *
The skeletal warrior attacks as it pursues you!
You block the skeletal warrior's attack.
Okay, then.
Okay, then.
As you read the scroll of teleportation, it crumbles to dust.
You feel strangely unstable.
The skeletal warrior hits you with a +1 scimitar!!
You die...

### ##.## #...#######
##...#..#.##
##........# #........#
#### ##.##.##### ##..##
#..#...@zy# #....##
#####.####O#
##....###.#...#....#
#.#...##....###.#)###.#
...#......#.#.y #O.O..#
..#.......#.#. ###l###
......#...#.#


oys .......#..#.. ##h# ......(...### y.. You could see a skeletal warrior, a
two-headed ogre and a meliai.

Vanquished Creatures
  A two-headed ogre (D:10)
  Nergalle (D:9)
  2 elephants (D:8)
  A komodo dragon (D:8)
  2 trolls (D:10)
  Grinder (D:3)
  Prince Ribbit (D:9)
  A shadow (D:9)
  A wyvern (D:8)
  5 yaks
  A steam dragon (D:6)
  An acid dragon (D:10)
  2 water moccasins
  2 orc warriors
  2 sky beasts (D:7)
  An ice beast (D:6)
  2 black bears (D:8)
  A centaur (D:9)
  A phantom (D:4)
  2 kobold brigands
  3 bullfrogs
  A gnoll sergeant (D:9)
  3 scorpions
  A wight (D:10)
  7 howler monkeys
  2 jellies
  2 orc priests
  2 hounds
  4 sleepcaps
  A gnoll bouda (D:7)
  3 iguanas
  5 orc wizards (D:8)
  9 adders
  13 gnolls
  A shadow imp (D:6)
  3 white imps
  2 worms
  4 dart slugs
  17 orcs
  15 endoplasms
  5 giant cockroaches
  4 goblins
  6 hobgoblins
  2 jackals (D:3)
  12 kobolds
  5 quokkas
  7 ball pythons
  3 bats (D:1)
  9 frilled lizards
  9 rats
  A spectral orc (D:5)
192 creatures vanquished.

Notes
Turn   | Place    | Note
-------+----------+-------------------------------------------
     0 | D:1      | Destinykillz the Troll Fighter began the quest for the Orb.
     0 | D:1      | Reached XP level 1. HP: 22/22 MP: 0/0
   131 | D:1      | Found Seanim's Magic Scroll Shoppe.
   144 | D:1      | Reached XP level 2. HP: 29/29 MP: 1/1
   200 | D:1      | Reached skill level 3 in Shields
   747 | D:2      | Reached XP level 3. HP: 36/36 MP: 2/2
   937 | D:2      | Reached XP level 4. HP: 30/44 MP: 3/3
  1166 | D:2      | Found a glowing golden altar of the Shining One.
  1172 | D:2      | Became a worshipper of the Shining One
  1724 | D:3      | Noticed a water moccasin
  1738 | D:3      | Killed a water moccasin
  1739 | D:3      | Reached skill level 4 in Shields
  1739 | D:3      | Reached XP level 5. HP: 27/53 MP: 4/4
  1780 | D:3      | Noticed Grinder
  1804 | D:3      | Killed Grinder
  1805 | D:3      | Reached XP level 6. HP: 11/61 MP: 5/5
  1876 | D:3      | Found a runed translucent gate.
  1876 | D:3      | Found a runed translucent gate.
  1876 | D:3      | Found a runed translucent gate.
  1877 | D:3      | Found an opulent altar of Gozag.
  1882 | D:3      | Noticed Zog's ghost (amateur DrFE)
  2189 | D:3      | Reached XP level 7. HP: 67/67 MP: 6/6
  2454 | D:4      | Reached skill level 5 in Shields
  2645 | D:5      | Entered Level 5 of the Dungeon
  2688 | D:5      | Identified the +4 whip "Giudeme" {protect, rN+ Str+3}
  2933 | D:5      | Reached skill level 5 in Dodging
  3010 | D:5      | Found a hazy altar of Hepliaklqana.
  3010 | D:5      | Reached * piety under the Shining One
  3294 | D:5      | Found a staircase to the Ecumenical Temple.
  3432 | D:6      | Noticed a steam dragon
  3444 | D:6      | Killed a steam dragon
  3445 | D:6      | Reached XP level 8. HP: 78/78 MP: 7/7
  3723 | D:6      | Reached skill level 6 in Shields
  4369 | D:7      | Identified the +10 hand axe of the People {heavy, ^Fragile
                  | rPois Int+7 SInv}
  4438 | D:7      | Found a glowing silver altar of Zin.
  4439 | D:7      | Found an opulent altar of Gozag.
  4489 | D:7      | Reached skill level 5 in Unarmed Combat
  4525 | D:7      | Found Ovadeche's Antique Weapon Shoppe.
  4666 | D:1      | Bought a scroll of immolation for 52 gold pieces
  4666 | D:1      | Bought a scroll of blinking for 97 gold pieces
  4666 | D:1      | Bought a scroll of identify for 26 gold pieces
  4666 | D:1      | Bought a scroll of revelation for 97 gold pieces
  4932 | D:7      | Reached skill level 7 in Shields
  4932 | D:7      | Reached XP level 9. HP: 77/85 MP: 8/8
  5366 | D:8      | Reached skill level 5 in Fighting
  5401 | D:8      | Noticed an elephant
  5423 | D:8      | Killed an elephant
  5428 | D:8      | Reached skill level 8 in Shields
  5937 | D:8      | Found a shimmering blue altar of Sif Muna.
  5937 | D:8      | Found a white marble altar of Elyvilon.
  5938 | D:8      | Found an ancient bone altar of Kikubaaqudgha.
  6011 | D:8      | Noticed an elephant
  6021 | D:8      | Killed an elephant
  6152 | D:8      | Found a staircase to the Lair.
  6152 | D:8      | Noticed a komodo dragon
  6158 | D:8      | Killed a komodo dragon
  6372 | D:9      | Found a glowing golden altar of the Shining One.
  6535 | D:9      | Reached ** piety under the Shining One
  6543 | D:9      | Reached XP level 10. HP: 98/98 MP: 9/9
  6599 | D:9      | Reached skill level 9 in Shields
  6766 | D:9      | Noticed Prince Ribbit
  6771 | D:9      | Killed Prince Ribbit
  7139 | D:10     | Entered Level 10 of the Dungeon
  7193 | D:10     | Noticed Nergalle
  7347 | D:10     | Noticed a two-headed ogre
  7562 | D:9      | Found a glowing golden altar of the Shining One.
  7998 | D:9      | Killed Nergalle
  8067 | D:9      | Reached skill level 10 in Shields
  8202 | D:10     | Killed a two-headed ogre
  8328 | D:10     | Noticed a skeletal warrior
  8330 | D:10     | Noticed a two-headed ogre
  8343 | D:10     | HP: 4/101 [meliai/divine providence (9)]
  8346 | D:10     | Mangled by a skeletal warrior

Illustrated notes

Levels and vault maps discovered:
D:1:      dpeg_arrival_chambers_temple_mockup, layout_basic, serial_shops, shop
D:2:      layout_loops_corners, basic_altar
D:3:      layout_basic, ebering_ghost_gozag, chequers_serial_rivers_micro_e,
          serial_bayou_pond_d, uniq_grinder
D:4:      layout_basic
D:5:      layout_rooms, nicolae_hepliaklqana_monster_ancestors,
          minmay_temple_entry_fiery, hangedman_minor_gate_pass
D:6:      layout_basic, lightli_corner_chamber
D:7:      layout_gridville, grunt_temple_overflow_gold_and_silver, serial_shops,
          shop_statue, supply_closet_lemuel
D:8:      layout_basic, gammafunk_temple_overflow_forgotten,
          grunt_lair_entry_orc_guard_hut, nicolae_wwwww, kennysheep_path_1
D:9:      layout_irregular_city, tso_metal_star, uniq_prince_ribbit1
D:10:     layout_cross, pdpol_wu_jian_five_deadly_venoms, minmay_shop_damaged,
          nicolae_doodle_vault, uniq_nergalle

Skill      XL: |  1  2  3  4  5  6  7  8  9 10 |
---------------+-------------------------------+-----
Shields        | 3 4 5 7 8 10 | 10.0
Dodging        | 3 4 5 6 |  6.0
Fighting       | 3 4 5 7 |  7.1
Unarmed Combat | 3 4 5 6 8 |  8.2

Action                     |  1- 3 |  4- 6 |  7- 9 | 10-12 || total
---------------------------+-------+-------+-------+-------++-------
  Melee: Unarmed           |    63 |   116 |   296 |    88 ||   563
    Use: Scroll            |       |       |     9 |     4 ||    13
   Stab: Sleeping          |     1 |       |       |       ||     1
 Armour: Robe              |    30 |    48 |   169 |    73 ||   320
         Troll leather arm |       |       |       |    19 ||    19
  Dodge: Dodged            |    20 |    34 |    94 |    27 ||   175
  Block: Kite shield       |    18 |    37 |   133 |    62 ||   250

Table legend: (Time is in decaauts)
 A = Elapsed time spent in this place.
 B = Non-inter-level travel time spent in this place.
 C = Inter-level travel time spent in this place.
 D = Time resting spent in this place.
 E = Time spent auto-exploring this place.
 F = Levels seen in this place.
 G = Mean time per level.
                   A        B        C        D        E       F      G
               +--------+--------+--------+--------+--------+-----+--------+
         Total |   8370 |   7492 |    878 |    270 |   5612 |  10 |  837.0 |
       Dungeon |   8370 |   7492 |    878 |    270 |   5612 |  10 |  837.0 |
               +--------+--------+--------+--------+--------+-----+--------+

Top non-repeatable levels by time:
     D:9: 1689 daAuts
     D:8: 1127 daAuts
     D:6: 968 daAuts
     D:2: 947 daAuts
     D:1: 827 daAuts
     D:7: 794 daAuts
     D:5: 693 daAuts
     D:3: 636 daAuts
     D:4: 434 daAuts
    D:10: 253 daAuts
